 Dungeon Crawl Stone Soup version 0.31.0-11-ge490571c62 (webtiles) character file.

Game seed: 386095308815171512

365 Esekla the Slasher (level 6, -1/44 HPs)
             Began as an Octopode Chaos Knight on Feb 2, 2024.
             Was an Initiate of Gozag.
             Splashed by a jelly's acid (9 damage)
             ... on level 4 of the Dungeon.
             The game lasted 00:12:31 (2388 turns).

Esekla the Slasher (Octopode Chaos Knight)          Turns: 2388, Time: 00:12:32

Health: -1/44      AC: -7    Str: 12    XL:     6   Next: 68%
Magic:  9/9        EV: 13    Int: 16    God:    Gozag
Gold:   413        SH:  0    Dex: 11    Spells: 9/9 levels left

rFire   . . .        a - +0 falchion (chaos)
rCold   . . .        (no shield)
rNeg    . . .        (helmet restricted)
rPois   .            (no amulet)
rElec   .            (no ring)
rCorr   .            (no ring)
SInv    .            (no ring)
Will    .....        (no ring)
Stlth   +++          (no ring)
HPRegen 0.27/turn    (no ring)
MPRegen 0.11/turn    (no ring)
                     (no ring)

%: no passive effects
@: corroded
A: almost no armour, amphibious, 8 rings, camouflage 1, gelatinous body 1,
(nimble swimmer 1), tentacles, deterioration 1, subdued magic 1, inability to
drink after injury 1
a: Renounce Religion, Potion Petition, Call Merchant, Bribe Branch


You were on level 4 of the Dungeon.
You worshipped Gozag.
Gozag was aware of your devotion.
You visited 1 branch of the dungeon, and saw 4 of its levels.

You collected 434 gold pieces.
You paid 21 gold pieces to Gozag.

Inventory:

Hand Weapons
 a - a +0 falchion of chaos (weapon)
 r - a +0 trident
 s - a +0 dagger
Missiles
 q - 2 boomerangs (quivered)
Scrolls
 b - a scroll of butterflies
 c - a scroll of immolation {unknown}
 h - a scroll of identify
 i - a scroll of amnesia {unknown}
 j - a scroll of fear {unknown}
 m - a scroll of teleportation
 o - a scroll of poison {unknown}
 p - a scroll of enchant weapon {unknown}
 t - a scroll of revelation {unknown}
Potions
 d - a potion of degeneration {unknown}
 e - a potion of mutation {unknown}
 f - a potion of cancellation {unknown}
 g - a potion of curing {unknown}
 k - a potion of enlightenment {unknown}
 l - a potion of resistance {unknown}
 n - 2 potions of might {unknown}


   Skills:
 * Level 4.5 Fighting
 * Level 4.7 Long Blades
 * Level 3.2 Dodging
 + Level 2.3 Stealth
 * Level 2.4 Spellcasting


You had 9 spell levels left.
You didn't know any spells.
Your spell library contained the following spells:

 Spells                   Type           Power      Damage    Failure   Level
 Foxfire                  Conj/Fire      4%         2x1d4     17%         1
 Inner Flame              Hex/Fire       1%         N/A       47%         3
 Tukima's Dance           Hex            1%         N/A       47%         3
 Passage of Golubria      Tloc           1%         N/A       87%         4
 Irradiate                Conj/Alch      0%         3d11      99%         5
 Yara's Violent Unravell  Hex/Alch       0%         3d3       99%         5
 Plasma Beam              Fire/Air       0%         2x1d10    100%        6
 Starburst                Conj/Fire      0%         6d3       100%        6
 Ignition                 Fire           0%         3d3       100%        8


Dungeon Overview and Level Annotations

Branches:
Dungeon (4/15)
 Temple: D:4-7

Altars:
Fedhas
Gozag
Zin
The Shining One

Annotations:
D:4 Edmund


Innate Abilities, Weirdness & Mutations

You cannot wear most types of armour.
You are amphibious.
You can wear up to eight rings at the same time.
Your skin changes colour to match your surroundings (Stealth+).
Your rubbery body absorbs attacks. (AC +1, EV +1)
((You are camouflaged when in or above water. (Stealth+)))
You have tentacles for arms and can constrict up to eight enemies at once.
Your body sometimes deteriorates upon taking damage.
Your spells are a little easier to cast, but a little less powerful.
You occasionally lose the ability to drink potions when taking damage.


Message History

You kill the ball python!
Found a ring mail.
You now have 408 gold pieces (gained 8).
You now have 413 gold pieces (gained 5).
Okay, then.
A jelly comes into view.
You see here a scroll labelled VAOFOH SUXAISS.
t - a scroll labelled VAOFOH SUXAISS
s - a +0 dagger (weapon)
The jelly quivers.
The jelly hits you.
You are splashed with acid!
Your +0 falchion of chaos is briefly surrounded by a scintillating aura of random colours.
a - a +0 falchion of chaos (weapon)
You hit the jelly.
Your tentacles burn!
You squeeze the jelly, but do no damage.
The jelly is lightly wounded.
The jelly closely misses you.
You hit the jelly.
Your tentacles burn!
The jelly is moderately wounded.
The jelly closely misses you.
You hit the jelly.
You feel better. The acid corrodes you!
Your tentacles burn!
You tentacle-slap the jelly, but do no damage.
The jelly is heavily wounded.
The jelly closely misses you.
You barely miss the jelly.
The jelly is heavily wounded.
The jelly hits you.
You are splashed with acid!
The jelly hits you. The acid corrodes you!
You are splashed with acid!
* * * LOW HITPOINT WARNING * * *
You aren't carrying any items that you can evoke.
Okay, then.
As you read the scroll labelled HAUGATSARO, it crumbles to dust.
It is a scroll of identify.
m - a scroll of teleportation The jelly hits you.
* * * LOW HITPOINT WARNING * * *
You are splashed with acid!
You die...
Xom giggles madly!
Your body crumbles into a pile of gold.

###################
...........@J.....#
..................#
..................#
..................#
..................#
..................#
................[.#
.......(...............#
...........(.....######


You could see a jelly.

Vanquished Creatures
  2 scorpions (D:3)
  A bombardier beetle (D:3)
  A hound (D:3)
  4 gnolls
  8 adders
  2 dart slugs (D:3)
  4 orcs (D:3)
  4 bats
  6 endoplasms
  A giant cockroach (D:3)
  A goblin (D:3)
  9 hobgoblins
  6 jackals
  3 quokkas (D:2)
  9 ball pythons
  3 frilled lizards (D:2)
  2 kobolds
  4 rats (D:1)
70 creatures vanquished.

Notes
Turn   | Place    | Note
-------+----------+-------------------------------------------
     0 | D:1      | Esekla the Octopode Chaos Knight began the quest for the
                  | Orb.
     0 | D:1      | Reached XP level 1. HP: 16/16 MP: 1/1
    45 | D:1      | XOM: silly message
   193 | D:1      | Reached XP level 2. HP: 21/21 MP: 2/2
   385 | D:2      | Found an opulent altar of Gozag.
   467 | D:2      | Fell from the grace of Xom
   467 | D:2      | Became a worshipper of Gozag Ym Sagoz the Greedy
   488 | D:2      | Reached XP level 3. HP: 23/26 MP: 3/3
   745 | D:2      | Found a faded altar of an unknown god.
   752 | D:2      | XOM: swap monsters
   758 | D:2      | Reached skill level 1 in Stealth
   832 | D:2      | XOM: stat loss: -3 Str (8/11)
   876 | D:2      | Reached XP level 4. HP: 24/32 MP: 5/5
   973 | D:3      | Reached skill level 1 in Spellcasting
   985 | D:3      | XOM: summons 3 hostile shadow creatures
  1075 | D:3      | Noticed a scorpion
  1096 | D:3      | Noticed a scorpion
  1330 | D:3      | Found a blossoming altar of Fedhas.
  1331 | D:3      | Found a glowing silver altar of Zin.
  1332 | D:3      | Found an opulent altar of Gozag.
  1332 | D:3      | Found a glowing golden altar of the Shining One.
  1360 | D:3      | XOM: give mutations
  1360 | D:3      | Gained mutation: Your spells are a little easier to cast,
                  | but a little less powerful. [Xom's mischief]
  1360 | D:3      | Gained mutation: Your body sometimes deteriorates upon
                  | taking damage. [Xom's mischief]
  1360 | D:3      | Gained mutation: You occasionally lose the ability to drink
                  | potions when taking damage. [Xom's mischief]
  1369 | D:3      | Reached XP level 5. HP: 37/37 MP: 6/6
  1841 | D:3      | Reached XP level 6. HP: 28/44 MP: 7/7
  2034 | D:2      | XOM: scenery: summon butterflies
  2228 | D:4      | Noticed Edmund
  2388 | D:4      | Splashed by a jelly's acid

Illustrated notes

Levels and vault maps discovered:
D:1:      onia_arrival_handbag, layout_rooms
D:2:      layout_rooms, basic_ecumenical_altar, basic_altar
D:3:      layout_loops_corners, mainiacjoe_overflow_alcove_3,
          minmay_misc_feat_columns
D:4:      layout_gridville, uniq_edmund

Skill      XL: |  1  2  3  4  5  6 |
---------------+-------------------+-----
Stealth        | 1 2 |  2.3
Spellcasting   | 1 2 |  2.4
Long Blades    | 4 |  4.7
Dodging        | 3 |  3.2
Fighting       | 4 |  4.5

Action                     |  1- 3 |  4- 6 || total
---------------------------+-------+-------++-------
  Melee: Falchion          |    60 |    91 ||   151
         Constrict         |    15 |    20 ||    35
         Tentacles         |    14 |    15 ||    29
         Punch             |     1 |     4 ||     5
         Dagger            |       |     6 ||     6
  Throw: Boomerang         |       |     3 ||     3
    Use: Scroll            |       |     1 ||     1
   Stab: Sleeping          |     6 |     8 ||    14
         Distracted        |       |     1 ||     1
 Armour: Skin              |    27 |    41 ||    68
  Dodge: Dodged            |    34 |    58 ||    92
